[Event "Croatian 1A League 2022"]
[Site "Porec"]
[Date "2022.09.25"]
[Round "2.25"]
[White "Shevchenko, Kirill"]
[Black "Cheparinov, Ivan"]
[Result "0-1"]
[ECO "C78"]
[WhiteElo "2645"]
[BlackElo "2686"]
[Annotator "TA"]
[PlyCount "140"]
[EventDate "2022.09.24"]
[EventType "team-tourn"]
[EventCountry "CRO"]
[SourceTitle "playchess.com"]
[Source "ChessBase"]
[SourceQuality "1"]
[TimeControl "40/5400+30:1800+30"]

1. e4 e5 2. Nf3 Nc6 3. Bb5 a6 4. Ba4 Nf6 5. O-O b5 6. Bb3 Bc5 7. a4 Rb8 8. c3 d6 9. d4 Bb6 10. Qd3 {[%emt 0:04:14] C78: Ruy Lopez: Archangelsk and Möller Defences.} O-O 11. Bg5 exd4 12. cxd4 {[%emt 0:00:15] The position is equal.} h6 13. Bh4 g5 {[%emt 0:00:04] [#]} 14. Nxg5 $146 ({Predecessor:} 14. Bg3 Nh5 15. Nc3 Nxg3 16. fxg3 Ne5 17. Qd2 Nc4 18. Bxc4 bxc4 19. h4 Be6 20. Nd5 Bxd5 21. exd5 {1-0 (36) Giri,A (2764)-Shirov,A (2649) Chess.com INT 2020}) 14... hxg5 $15 15. Bxg5 {[%emt 0:00:04] Threatens to win with e5.} Nxd4 16. Nc3 $1 Nxb3 (16... c6 $11 17. Bd1 Ne6) 17. Nd5 $1 $16 Nxd5 (17... Nxa1 $2 18. Nxf6+ Kg7 19. Nh5+ Kg6 20. Bxd8 Rxd8 21. Nf4+ Kh7 22. Rxa1 $18) (17... Nc5 $2 18. Qf3 Nxd5 19. Bxd8 Rxd8 20. exd5 $18) 18. Bxd8 Rxd8 19. Qxb3 ({Much worse is} 19. Qxd5 $6 Be6 20. Qg5+ Kf8 $11) 19... Ne7 20. Qc3 bxa4 21. Qf6 ({Of course not} 21. Rxa4 $6 Ng6 $11) (21. Kh1 $1 $16) 21... Kf8 22. e5 (22. Rfc1 $16) 22... Be6 $11 23. Qh6+ Ke8 24. exd6 Nf5 {[%emt 0:03:15] Chess con chili.} 25. Qf6 {[%emt 0:06:12] dxc7 is the strong threat.} (25. Qh5 $5 ) 25... Nxd6 26. Rxa4 Kd7 27. Rc1 a5 28. Qe5 Rg8 29. b4 (29. Qc3 $11 {keeps the balance.}) 29... axb4 $17 30. Rxb4 {[%emt 0:00:33] [#]} Bxf2+ $1 {[%emt 0:02:58][%mdl 64] Discovered Attack} 31. Kxf2 Rxb4 32. Rxc7+ {[%emt 0:00:19][%mdl 64] Decoy} Kxc7 33. Qc5+ Kd7 34. Qxb4 Bd5 35. g3 Ra8 {[%emt 0:03:26] Strongly threatening ...Ra2+.} 36. Qg4+ Be6 37. Qh5 ({White should try} 37. Qd4 $15) 37... Ra2+ 38. Ke3 Ra3+ 39. Kf4 Ra4+ 40. Ke3 Nf5+ 41. Kd2 Ra2+ 42. Kc3 Ra3+ 43. Kb2 Rb3+ 44. Kc1 Nd4 45. Qh8 Nf3 {[%emt 0:00:40] And now ...Bf5 would win.} 46. Kc2 Ke7 47. h4 (47. g4 $142) 47... Rb4 ({Black should play} 47... Rb5 48. h5 Nh2) 48. Qa8 (48. h5 $17 {was the only chance.}) 48... Rc4+ $1 $19 49. Kd3 {[%emt 0:01:33] [#]} Ne5+ 50. Kd2 Rg4 51. Qa3+ Kf6 52. Qc3 (52. Qf8 $142 Rxg3 53. h5) 52... Re4 53. Qc7 Kg7 54. Qb8 Ng4 55. Qb2+ Nf6 56. Qc3 Kg6 57. Qd3 Kg7 $2 (57... Bd7 $19 {Hoping for ...Kg7.} 58. Kd1 Bg4+ 59. Kd2 Bf5) 58. Qd6 $2 (58. Qc3 $11) 58... Rg4 {[%emt 0:00:22] ( -> ...Ne4+)} 59. Ke2 Kg6 60. Kf3 Nh5 61. Qd3+ Bf5 62. Qd6+ {[%emt 0:00:04] [#] Black has a decisive advantage.} Kh7 $1 63. Kf2 Rxg3 64. Qd5 Bg6 65. Qd4 Rd3 66. Qe5 Ra3 67. Qg5 Ra6 68. Qb5 Rf6+ 69. Kg1 Rf5 70. Qb4 Ng7 {[%emt 0:00:05] Weighted Error Value: White=0.35/Black=0.21 (precise)} 0-1

[Event "Croatian 1A League 2022"]
[Site "Porec"]
[Date "2022.09.25"]
[Round "2.26"]
[White "Hracek, Zbynek"]
[Black "Erdos, Viktor"]
[Result "1/2-1/2"]
[ECO "C78"]
[WhiteElo "2556"]
[BlackElo "2597"]
[Annotator "TA"]
[PlyCount "24"]
[EventDate "2022.09.24"]
[EventType "team-tourn"]
[EventCountry "CRO"]
[SourceTitle "playchess.com"]
[Source "ChessBase"]
[SourceQuality "1"]
[TimeControl "40/5400+30:1800+30"]

1. e4 e5 2. Nf3 Nc6 3. Bb5 a6 4. Ba4 Nf6 5. O-O Bc5 6. c3 O-O 7. d3 d6 8. Bg5 {[%emt 0:00:24][%cal Bc1g5,Bg5h4,Bh4g3][%mdl 32] C78: Ruy Lopez: Archangelsk and Möller Defences.} h6 9. Bh4 g5 10. Bg3 Bg4 11. Re1 Ba7 12. Nbd2 {[%emt 0:07:38] [#]} Bh5 $146 {[%emt 0:12:24] White took control after the opening.  Weighted Error Value: White=0.01 (flawless) /Black=0.06 (flawless)} ({Predecessor:} 12... Ne7 13. Nf1 Ng6 14. Ne3 Bxe3 15. fxe3 Nh5 16. Bf2 f5 17. h3 Bxf3 18. Qxf3 Ng7 19. exf5 Rxf5 20. Qxb7 {1-0 (40) Lagarde,M (2598)-Eden,J (2385) Paris 2017}) 1/2-1/2

[Event "Croatian 1A League 2022"]
[Site "Porec"]
[Date "2022.09.25"]
[Round "2.27"]
[White "Muse, Drazen"]
[Black "Leventic, Ivan"]
[Result "1/2-1/2"]
[ECO "D00"]
[WhiteElo "2311"]
[BlackElo "2384"]
[Annotator "TA"]
[PlyCount "44"]
[EventDate "2022.09.24"]
[EventType "team-tourn"]
[EventCountry "CRO"]
[SourceTitle "playchess.com"]
[Source "ChessBase"]
[SourceQuality "1"]
[TimeControl "40/5400+30:1800+30"]

1. d4 d5 2. Nc3 Nf6 3. Bf4 Bf5 4. e3 e6 5. Bd3 Bxd3 6. cxd3 {[%emt 0:00:14] D00: 1 d4 d5: Unusual lines.} Bd6 7. Bg3 Nc6 {[%emt 0:01:29] The position is equal.} 8. Nf3 O-O 9. Rc1 Bxg3 10. hxg3 Qd6 11. a3 {[%emt 0:00:31] [#] Not much happened in this game.  Weighted Error Value: White=0.19 (very precise) /Black=0.05 (flawless)} {Predecessor:} Rfc8 $146 12. Nb5 Qd8 13. Nc3 Rab8 14. Rc2 a6 15. Ne2 Ne7 16. Ne5 Nd7 17. Nxd7 Qxd7 18. Qd2 Qd6 19. O-O b6 20. Rfc1 c5 21. dxc5 bxc5 22. e4 h6 {½-½ (22) Willmann,B (2215)-Kolanek,R (2134) LSS email 2016} 1/2-1/2

[Event "Croatian 1A League 2022"]
[Site "Porec"]
[Date "2022.09.25"]
[Round "2.28"]
[White "Zivkovic, Vjekoslav"]
[Black "Trbojevic, Mladen"]
[Result "1/2-1/2"]
[ECO "C78"]
[WhiteElo "2364"]
[BlackElo "2332"]
[Annotator "TA"]
[PlyCount "40"]
[EventDate "2022.09.24"]
[EventType "team-tourn"]
[EventCountry "CRO"]
[SourceTitle "playchess.com"]
[Source "ChessBase"]
[SourceQuality "1"]
[TimeControl "40/5400+30:1800+30"]

1. e4 {[%emt 0:00:05] Gagarin,V} e5 2. Nf3 Nc6 3. Bb5 a6 4. Ba4 Nf6 5. O-O b5 6. Bb3 Bc5 7. c3 d6 8. d4 Bb6 9. dxe5 Nxe5 {[%emt 0:08:23] The position is equal.} 10. Nxe5 {[%emt 0:00:32] C78: Ruy Lopez: Archangelsk and Möller Defences.} dxe5 11. Qxd8+ Kxd8 12. Nd2 Ke7 13. Nf3 Nd7 {[%emt 0:01:29] [#] A balanced but interesting game.} {Predecessor:} 14. Bd5 $146 Rb8 15. b3 f6 16. Ba3+ Bc5 17. Bb4 Bd6 18. Ne1 Nb6 19. Nc2 Nxd5 20. exd5 Bd7 {½-½ (20) Sokolov,A (2585)-Zvjaginsev,V (2600) Tivat 1995 CBM 048 Extra [Gagarin,V]} 1/2-1/2

[Event "Croatian 1A League 2022"]
[Site "Porec"]
[Date "2022.09.25"]
[Round "2.29"]
[White "Krstic, Uros"]
[Black "Medak, Bojan"]
[Result "1/2-1/2"]
[WhiteElo "2323"]
[BlackElo "2353"]
[Annotator "TA"]
[PlyCount "19"]
[EventDate "2022.09.24"]
[EventType "team-tourn"]
[EventCountry "CRO"]
[SourceTitle "playchess.com"]
[Source "ChessBase"]
[SourceQuality "1"]
[TimeControl "40/5400+30:1800+30"]

1. e4 c5 2. Nf3 Nc6 3. Nc3 Nf6 4. g3 d5 5. exd5 Nxd5 {[%emt 0:00:08] The position is equal.} 6. Bg2 {[%emt 0:00:25] B29: Sicilian: 2 Nf3 Nf6 (Nimzowitsch Variation).} g6 7. O-O Bg7 8. Re1 Nc7 9. d3 O-O {[%emt 0:02:03] [#]} 10. Nd2 $146 {[%emt 0:09:07] Not much happened in this game.  Weighted Error Value: White=0.02 (flawless) /Black=0.03 (flawless)} ({Predecessor:} 10. Ne4 b6 11. Ned2 Bb7 12. Nc4 Rb8 13. Bf4 f6 14. c3 e5 15. Be3 Kh8 16. a4 {0-1 (64) Bykov,O (2336)-Bronstein,O (2308) Mamaia 2017}) 1/2-1/2

[Event "Croatian 1A League 2022"]
[Site "Porec"]
[Date "2022.09.25"]
[Round "2.30"]
[White "Mrkonjic, Nenad"]
[Black "Vernacki, Srdjan"]
[Result "1/2-1/2"]
[ECO "A47"]
[WhiteElo "2347"]
[BlackElo "2280"]
[Annotator "TA"]
[PlyCount "115"]
[EventDate "2022.09.24"]
[EventType "team-tourn"]
[EventCountry "CRO"]
[SourceTitle "playchess.com"]
[Source "ChessBase"]
[SourceQuality "1"]
[TimeControl "40/5400+30:1800+30"]

1. d4 Nf6 2. Nf3 e6 3. Bf4 b6 4. h3 Bb7 5. e3 c5 6. c3 {[%emt 0:00:20] A47: 1 d4 Nf6 2 Nf3 b6: Torre, London and Colle Systems.} Be7 7. Be2 O-O 8. O-O {[%emt 0:02:01] The position is equal.} d6 9. Nbd2 Qc7 10. Qb3 Nbd7 {[%emt 0:02:43] [#]} 11. Rfc1 $146 ({Predecessor:} 11. Rad1 Rfd8 12. Bg5 Nf8 13. Nh2 Ng6 14. Ng4 Nd5 15. Bxe7 Qxe7 16. c4 {0-1 (58) Danek,P (1956)-Belohlavek,P (2223) Czech Republic 2009}) 11... a6 12. a4 Bc6 13. Qd1 b5 (13... Rfc8 $11 {is superior.}) 14. axb5 axb5 15. Bg5 (15. Rxa8 $14 Rxa8 16. dxc5) 15... h6 {[%emt 0:01:24] Threatens to win with ...Rxa1.} 16. Bh4 Qb7 17. Ne1 Rxa1 18. Rxa1 Ra8 19. Bxf6 Nxf6 20. Bf3 c4 21. Rxa8+ Qxa8 22. Bxc6 Qxc6 23. Qa1 Ne4 24. Nef3 Nxd2 25. Nxd2 $11 {[%emt 0:00:26][%mdl 4096] Endgame KQB-KQN} Qb7 26. Qa5 d5 27. b4 cxb3 28. Nxb3 b4 29. g3 g6 30. Kg2 Kg7 31. cxb4 Qxb4 32. Qa2 Qc4 33. Qb1 h5 34. Nc1 Bd6 35. Nd3 Kg8 36. Ne1 Be7 37. Nf3 Bf6 38. Nd2 Qe2 39. Nf3 Kg7 40. Qb8 Qc2 41. Ne1 (41. g4 $11 {keeps the balance.}) 41... Qe4+ $1 $17 42. Kg1 Bxd4 43. Qf4 Qxf4 44. gxf4 $19 {[%emt 0:00:09] KB-KN} Bc3 45. Nd3 f6 46. Kg2 e5 47. fxe5 fxe5 48. f3 Kf6 49. e4 dxe4 50. fxe4 Ke6 51. Kf3 Kd6 52. Kg3 g5 {[%emt 0:01:42] White must now prevent ...Kc6.} 53. Kf3 $2 {[%emt 0:00:19] [#]} (53. Kf2 $17 {was the only defense.}) 53... Bd2 $2 (53... Kc6 $1 $19 {has better winning chances. aiming for ...Kb5.} 54. h4 g4+ 55. Ke2 Bd4 56. Nb4+ Kc5) 54. Ke2 $17 Bf4 55. Kf3 Kc6 {[%emt 0:01:07] And now ...Kb5 would win.} 56. Nb4+ {[%emt 0:00:21] [#]} Kd6 ({Black should play} 56... Kd7 $1 $17 57. Nd5 Ke6) 57. Nd5 (57. Nd3 $11) 57... Ke6 58. Nc7+ {[%emt 0:00:10] Weighted Error Value: White=0.16 (very precise) /Black=0.11 (very precise)} 1/2-1/2

[Event "Croatian 1A League 2022"]
[Site "Porec"]
[Date "2022.09.26"]
[Round "3.1"]
[White "Cheparinov, Ivan"]
[Black "Saric, Ivan"]
[Result "1-0"]
[ECO "B33"]
[WhiteElo "2686"]
[BlackElo "2668"]
[Annotator "TA"]
[PlyCount "67"]
[EventDate "2022.09.24"]
[EventType "team-tourn"]
[EventCountry "CRO"]
[SourceTitle "playchess.com"]
[Source "ChessBase"]
[SourceQuality "1"]
[TimeControl "40/5400+30:1800+30"]

1. e4 c5 2. Nf3 Nc6 3. d4 cxd4 4. Nxd4 Nf6 5. Nc3 e5 6. Ndb5 d6 7. Nd5 Nxd5 8. exd5 Ne7 9. a4 {[%emt 0:03:36] B33: Sicilian: Pelikan and Sveshnikov Variations.} Nf5 10. Bd3 {[%emt 0:01:55] [#]} g6 $146 ({Predecessor:} 10... a6 11. Nc3 Be7 12. a5 O-O 13. O-O Nh4 14. g3 Ng6 15. h4 f5 16. h5 Nh8 {½-½ (80) Popov,V (2129)-Wedel,L (2104) ICCF email 2013}) 11. O-O {[%emt 0:02:12] White has an edge.} Bg7 12. c4 a6 13. Nc3 a5 14. Kh1 O-O 15. f4 Qb6 (15... Nh6 $11 {remains equal.}) 16. Ne4 (16. g4 $1 $16 Ne3 17. Bxe3 Qxe3 18. f5) 16... exf4 (16... Nd4 $11) 17. Bxf4 $16 Qxb2 ({Black should play} 17... Bd7 $14) 18. Rb1 Qd4 19. Qe2 {[%emt 0:07:41] Against Ne3. White is more active.} h5 (19... b6 $16 {was called for.}) 20. Nxd6 $18 Nxd6 21. Bxd6 Bg4 22. Qc2 Rfd8 23. Bc7 Re8 24. Rxb7 {[%emt 0:04:11] Black must now prevent Bb6.} Re3 (24... Ra7 $142 25. Rxa7 Qxa7) 25. Rb3 {[%emt 0:00:11] aiming for Bb6.} Ra6 {[%emt 0:00:24] Against Bb6} 26. Bf4 $1 Re8 27. h3 (27. Bg5 $1 $18 {is the precise move to win.}) 27... Rf6 {[%emt 0:02:09] [#]} (27... Bd7 $142 28. Qf2 Qxf2 29. Rxf2 Bd4) 28. Qf2 $1 $16 Qxf2 29. Rxf2 Bd1 {[%emt 0:04:42] [#]} 30. Rb1 $1 $36 {[%emt 0:02:52][%mdl 2048] White has strong initiative.} (30. Rb5 Re1+ 31. Kh2 Rxf4 32. Rxf4 (32. Rb8+ $2 Kh7 $19) 32... Be5 $11) 30... Bxa4 31. c5 h4 (31... g5 $142) 32. Rff1 $18 Bf8 33. d6 Bc6 34. Rb6 {[%emt 0:00:43] Weighted Error Value: White=0.12 (very precise) /Black=0.33} 1-0

[Event "Croatian 1A League 2022"]
[Site "Porec"]
[Date "2022.09.26"]
[Round "3.2"]
[White "Banusz, Tamas"]
[Black "Hracek, Zbynek"]
[Result "1/2-1/2"]
[ECO "D02"]
[WhiteElo "2622"]
[BlackElo "2556"]
[Annotator "ChessBase"]
[PlyCount "78"]
[EventDate "2022.09.24"]
[EventType "team-tourn"]
[EventCountry "CRO"]
[SourceTitle "playchess.com"]
[Source "ChessBase"]
[SourceQuality "1"]
[TimeControl "40/5400+30:1800+30"]

1. d4 d5 2. Nf3 Nf6 3. g3 c5 4. Bg2 cxd4 5. O-O Nc6 6. Nxd4 e5 7. Nxc6 bxc6 8. c4 Be6 9. Nc3 Rc8 10. cxd5 cxd5 11. Qa4+ Qd7 12. Qxd7+ Kxd7 13. Rd1 Bc5 14. Na4 Be7 15. Bg5 Rhd8 16. Bxf6 Bxf6 17. Bxd5 Ke7 18. Bxe6 Rxd1+ 19. Rxd1 Kxe6 20. Nc3 Be7 21. Kf1 f5 22. e3 Bb4 23. Rc1 Bxc3 24. bxc3 Rc4 25. Rb1 Ra4 26. Rb2 g5 27. Rb7 g4 28. Rxh7 Rxa2 29. c4 Rc2 30. Rh6+ Kf7 31. Rh7+ Ke6 32. Rxa7 Rxc4 33. Ra6+ Kf7 34. Kg2 f4 35. gxf4 exf4 36. Rh6 Re4 37. exf4 Rxf4 38. Kf1 Kg7 39. Rd6 Re4 1/2-1/2

[Event "Croatian 1A League 2022"]
[Site "Porec"]
[Date "2022.09.26"]
[Round "3.3"]
[White "Leventic, Ivan"]
[Black "Balogh, Csaba"]
[Result "0-1"]
[ECO "B40"]
[WhiteElo "2384"]
[BlackElo "2583"]
[Annotator "RC"]
[PlyCount "50"]
[EventDate "2022.09.24"]
[EventType "team-tourn"]
[EventCountry "CRO"]
[SourceTitle "playchess.com"]
[Source "ChessBase"]
[SourceQuality "1"]
[TimeControl "40/5400+30:1800+30"]

1. e4 c5 2. Nf3 e6 3. c4 Nc6 4. Nc3 Nd4 5. Bd3 Ne7 6. Nxd4 cxd4 7. Ne2 Nc6 8. Bc2 a6 9. O-O b5 10. Bb3 d3 11. Nf4 Ne5 12. cxb5 axb5 13. Qh5 Qf6 14. Nh3 g6 15. Qd1 g5 16. f4 Bc5+ 17. Kh1 gxf4 18. Nxf4 Qg5 19. Qh5 Qxh5 20. Nxh5 Bb7 21. Bd1 Ke7 22. Bf3 Rhg8 23. b4 Bd4 24. Rb1 Rxa2 25. Rb3 Ra1 0-1

[Event "Croatian 1A League 2022"]
[Site "Porec"]
[Date "2022.09.26"]
[Round "3.4"]
[White "Kuljasevic, Davorin"]
[Black "Zivkovic, Vjekoslav"]
[Result "1/2-1/2"]
[ECO "D27"]
[WhiteElo "2560"]
[BlackElo "2364"]
[Annotator "TA"]
[PlyCount "218"]
[EventDate "2022.09.24"]
[EventType "team-tourn"]
[EventCountry "CRO"]
[SourceTitle "playchess.com"]
[Source "ChessBase"]
[SourceQuality "1"]
[TimeControl "40/5400+30:1800+30"]

1. d4 d5 2. c4 dxc4 3. Nf3 Nf6 4. e3 e6 5. Bxc4 c5 6. O-O a6 7. Bb3 Nc6 8. Nc3 Be7 9. dxc5 Qxd1 10. Rxd1 Bxc5 11. Bd2 Ke7 {[%emt 0:02:48] D27: Queen's Gambit Accepted: Classical main line: 7 e4!? and 7 a4.} 12. Rac1 Ba7 13. Be1 Bd7 {[%emt 0:24:46] White is slightly better.} 14. Na4 (14. e4 {looks sharper.} Rhd8 15. e5 Nd5 16. Nxd5+ exd5 17. Bxd5 Be6 18. Bxc6 Rxd1 19. Rxd1 bxc6 20. b3) 14... Rhd8 15. Nc5 Bxc5 16. Rxc5 Be8 17. Rdc1 Ne4 18. R5c2 {[%emt 0:04:58] [#]} Bd7 $146 ({Predecessor:} 18... f6 19. Nd2 Nd6 20. Nc4 Nxc4 21. Rxc4 e5 22. Rc5 Bf7 23. Bxf7 Kxf7 24. b4 Rd7 {0-1 (35) Nielsen,P (2697)-Nakamura,H (2715) Oslo 2009}) 19. Bc4 (19. Ba4 $5 ) 19... Nd6 20. Be2 Rac8 21. Bc3 f6 22. Nd4 Nxd4 23. Bxd4 {[%emt 0:00:15] A strong pair of Bishops.} Rxc2 24. Rxc2 Rc8 25. Rxc8 Nxc8 $11 {[%emt 0:00:51][%mdl 4096] Endgame KBB-KBN} 26. Bd3 Kf7 27. f4 (27. Bxh7 $2 g6 28. Bc3 Kg7 $19) 27... Bc6 28. Bc5 ({Don't go for} 28. Bxh7 $2 g6 29. Bg8+ Kxg8 $19) 28... f5 29. h3 Bd5 30. a3 h5 31. Kf2 Ne7 32. Be2 g6 33. g4 hxg4 34. hxg4 Be4 35. Kg3 Nd5 36. gxf5 exf5 37. Bc4 Bh1 38. Kh2 Be4 39. Kg3 (39. Kh3 $11) 39... Bh1 $16 40. a4 (40. Bd4 $16) 40... Kg7 $11 41. Kh4 Nc7 $1 42. Bd6 Bd5 43. Be2 Ne6 44. a5 Kf7 45. b4 Bc6 46. Bc4 Kf6 47. Kg3 Be4 48. Be5+ Ke7 49. Kh4 Kd7 50. Bf6 Kd6 51. Be5+ Kd7 52. Bb3 Bc6 53. Bc2 Bd5 54. Kg3 Bc6 55. Kf2 Bd5 56. Ke2 Be4 57. Ba4+ Bc6 58. Bb3 Be4 59. Bf6 Kd6 60. Kd2 Bd5 {[%emt 0:00:11] [#]} (60... Bc6 $14) 61. Be7+ $1 $16 Kc6 62. Ba4+ b5 63. axb6+ $1 Kxb6 64. Be8 a5 65. bxa5+ ({Much less strong is} 65. Bxg6 axb4 66. Bxb4 (66. Bxf5 Nc5 $16) 66... Be4 $16) 65... Kxa5 66. Bxg6 Be4 67. Be8 Kb6 68. Kc3 Kc7 (68... Nc7 $14 69. Bd8 Kb7) 69. Ba4 Kc8 70. Bd6 Kd8 71. Kd2 (71. Kc4 $16) 71... Ng7 (71... Nc7 $1 $14) 72. Ke2 ({White should play} 72. Ba3 $16) 72... Ne8 73. Bc5 Nf6 $1 74. Kf2 Bd5 {[%emt 0:01:07] [#] ...Ne4+ is the strong threat.} 75. Bb4 Ne4+ 76. Kg1 Nf6 77. Kf2 Ne4+ 78. Kg1 Nf6 $1 79. Bb5 Ng4 80. Bc5 Be4 81. Kf1 Kc7 82. Ke2 Bc6 83. Bc4 Be4 {[%emt 0:00:13] The position is equal.} 84. Be6 Kc6 85. Ba3 Kc7 86. Kd2 Kc6 87. Be7 Kc7 88. Bc5 Kc6 89. Ba7 Kd6 90. Bc8 Ke7 91. Kc3 Kf7 92. Kd4 Kf6 93. Bb6 Ke7 94. Bc5+ Kf6 95. Kc4 Kg6 96. Kd4 Kf6 97. Ba3 Kg6 98. Bd7 Kf7 99. Bb4 Kf6 100. Bc5 Kf7 101. Kc4 Nf6 102. Bc8 Ng4 103. Bd4 Kg6 104. Be6 Kh5 105. Bc5 Kh4 106. Kd4 Kg3 107. Bd5 Bxd5 108. Kxd5 {[%emt 0:00:01] Strongly threatening Ke6.} Nf2 109. Bd4 Kg4 {[%emt 0:00:03] Weighted Error Value: White=0.08 (flawless) /Black=0.05 (flawless)} 1/2-1/2

[Event "Croatian 1A League 2022"]
[Site "Porec"]
[Date "2022.09.26"]
[Round "3.5"]
[White "Medak, Bojan"]
[Black "Jovanic, Ognjen"]
[Result "1/2-1/2"]
[ECO "A13"]
[WhiteElo "2353"]
[BlackElo "2507"]
[Annotator "RC"]
[PlyCount "53"]
[EventDate "2022.09.24"]
[EventType "team-tourn"]
[EventCountry "CRO"]
[SourceTitle "playchess.com"]
[Source "ChessBase"]
[SourceQuality "1"]
[TimeControl "40/5400+30:1800+30"]

1. c4 e6 2. Nf3 d5 3. g3 Nf6 4. Bg2 d4 5. e3 c5 6. b4 dxe3 7. fxe3 cxb4 8. O-O Be7 9. d4 O-O 10. Bb2 Nbd7 11. a3 a5 12. axb4 Bxb4 13. Na3 e5 14. Nb5 exd4 15. exd4 Ng4 16. Qb3 Re8 17. c5 Ndf6 18. Ng5 Be6 19. Nxe6 Rxe6 20. Bc1 Qd7 21. Nd6 Rxd6 22. cxd6 Qxd6 23. d5 Re8 24. Kh1 Qc5 25. Ra2 h5 26. Rc2 Qb6 27. Qc4 1/2-1/2

[Event "Croatian 1A League 2022"]
[Site "Porec"]
[Date "2022.09.26"]
[Round "3.6"]
[White "Srbis, Jurica"]
[Black "Mrkonjic, Nenad"]
[Result "1-0"]
[ECO "B01"]
[WhiteElo "2442"]
[BlackElo "2347"]
[Annotator "RC"]
[PlyCount "117"]
[EventDate "2022.09.24"]
[EventType "team-tourn"]
[EventCountry "CRO"]
[SourceTitle "playchess.com"]
[Source "ChessBase"]
[SourceQuality "1"]
[TimeControl "40/5400+30:1800+30"]

1. e4 d5 2. exd5 Qxd5 3. Nc3 Qa5 4. d4 c6 5. Nf3 Bg4 6. h3 Bxf3 7. Qxf3 e6 8. Bd2 Qd8 9. O-O-O Nf6 10. Qd3 Bd6 11. g4 Qc7 12. g5 Nd5 13. Ne4 Bf4 14. c4 Ne7 15. Qf3 Bxd2+ 16. Rxd2 O-O 17. h4 Nd7 18. h5 Qa5 19. Bh3 Nf5 20. Bxf5 exf5 21. Nc3 Rfe8 22. c5 Rad8 23. Qxf5 Re6 24. g6 hxg6 25. hxg6 Rxg6 26. f4 Nf6 27. Rdh2 Kf8 28. Rh8+ Ng8 29. Qe4 Qc7 30. f5 Rf6 31. Qg4 Qd7 32. Ne4 Qxf5 33. Nxf6 Qxf6 34. Qh5 g6 35. Qh6+ Qg7 36. Qxg7+ Kxg7 37. R8h7+ Kf8 38. Rf1 Rd7 39. Kc2 Re7 40. Kd3 f5 41. Rfh1 Rg7 42. d5 cxd5 43. Kd4 Nf6 44. Rxg7 Kxg7 45. Ke5 Ng4+ 46. Kxd5 g5 47. b4 f4 48. b5 Kf6 49. c6 Ne3+ 50. Ke4 bxc6 51. bxc6 Ke7 52. Rh7+ Kd8 53. Rxa7 Kc8 54. Rg7 Nd1 55. Rxg5 Nc3+ 56. Kd4 Nxa2 57. Kc4 Kc7 58. Rg2 Nc1 59. Rc2 1-0

[Event "Croatian 1A League 2022"]
[Site "Porec"]
[Date "2022.09.26"]
[Round "3.7"]
[White "Vavulin, Maxim"]
[Black "Erdos, Viktor"]
[Result "1/2-1/2"]
[ECO "C77"]
[WhiteElo "2550"]
[BlackElo "2597"]
[Annotator "RC"]
[PlyCount "64"]
[EventDate "2022.09.24"]
[EventType "team-tourn"]
[EventCountry "CRO"]
[SourceTitle "playchess.com"]
[Source "ChessBase"]
[SourceQuality "1"]
[TimeControl "40/5400+30:1800+30"]

1. e4 e5 2. Nf3 Nc6 3. Bb5 a6 4. Ba4 Nf6 5. O-O Be7 6. d3 d6 7. c3 O-O 8. Re1 Re8 9. Nbd2 Bf8 10. Nf1 h6 11. Ng3 b5 12. Bc2 d5 13. exd5 Qxd5 14. d4 Bb7 15. Ne4 Qd8 16. Qd3 g6 17. dxe5 Nxe4 18. Qxd8 Raxd8 19. Rxe4 Na5 20. Re1 Nc4 21. b3 Na3 22. Bd1 b4 23. cxb4 Bxb4 24. Bxa3 Bxa3 25. Be2 a5 26. Bc4 Bxf3 27. gxf3 Bb2 28. e6 fxe6 29. Rad1 Rd6 30. Rxd6 cxd6 31. Rxe6 Rxe6 32. Bxe6+ Kg7 1/2-1/2

[Event "Croatian 1A League 2022"]
[Site "Porec"]
[Date "2022.09.26"]
[Round "3.8"]
[White "Nemeth, Miklos"]
[Black "Fercec, Nenad"]
[Result "1/2-1/2"]
[ECO "B53"]
[WhiteElo "2459"]
[BlackElo "2403"]
[Annotator "ChessBase"]
[PlyCount "79"]
[EventDate "2022.09.24"]
[EventType "team-tourn"]
[EventCountry "CRO"]
[SourceTitle "playchess.com"]
[Source "ChessBase"]
[SourceQuality "1"]
[TimeControl "40/5400+30:1800+30"]

1. e4 c5 2. Nf3 d6 3. d4 cxd4 4. Qxd4 a6 5. Be2 Nc6 6. Qe3 g6 7. O-O Bg7 8. h3 Nf6 9. Rd1 O-O 10. Nc3 Be6 11. a3 Rc8 12. Bf1 Qc7 13. Qf4 Ne5 14. Nxe5 Nh5 15. Qh4 Bxe5 16. Be2 Nf6 17. Bd3 Nd7 18. Bd2 Nb6 19. f4 Bd4+ 20. Kh1 Nc4 21. Bxc4 Bxc4 22. f5 Rfe8 23. Rab1 Bf6 24. Qg4 e6 25. fxg6 hxg6 26. Bf4 Red8 27. Qg3 e5 28. Be3 Qe7 29. Rd2 Kg7 30. Rbd1 Rc6 31. Qf2 Rh8 32. Nd5 Bxd5 33. Rxd5 Rh4 34. Qe2 b5 35. Qd3 Qc7 36. Bf2 Rh8 37. c3 Be7 38. Bg3 Qc8 39. Rf1 Qe6 40. b3 1/2-1/2

[Event "Croatian 1A League 2022"]
[Site "Porec"]
[Date "2022.09.26"]
[Round "3.9"]
[White "Krsnik Cohar, Ivan Vihor"]
[Black "Muse, Drazen"]
[Result "1-0"]
[ECO "B20"]
[WhiteElo "2296"]
[BlackElo "2311"]
[Annotator "RC"]
[PlyCount "85"]
[EventDate "2022.09.24"]
[EventType "team-tourn"]
[EventCountry "CRO"]
[SourceTitle "playchess.com"]
[Source "ChessBase"]
[SourceQuality "1"]
[TimeControl "40/5400+30:1800+30"]

1. e4 c5 2. g3 d5 3. exd5 Qxd5 4. Nf3 Bg4 5. Bg2 Qe6+ 6. Kf1 Nc6 7. d3 Bh3 8. Be3 Bxg2+ 9. Kxg2 b6 10. Nc3 Nf6 11. Re1 Qd7 12. d4 cxd4 13. Nxd4 Nxd4 14. Bxd4 Qc6+ 15. Qf3 Qxf3+ 16. Kxf3 O-O-O 17. Bxf6 gxf6 18. Rad1 Rxd1 19. Rxd1 e6 20. Rd4 f5 21. Rc4+ Kb8 22. Rd4 Kc8 23. Nb5 a6 24. Nd6+ Bxd6 25. Rxd6 Kc7 26. Rd4 h5 27. Rh4 Kd6 28. Ke3 Ke5 29. h3 Kf6 30. c3 e5 31. g4 Rg8 32. Rxh5 fxg4 33. hxg4 Rxg4 34. Rh6+ Rg6 35. Rxg6+ Kxg6 36. Ke4 Kf6 37. Kd5 Kf5 38. c4 e4 39. b4 Kf4 40. c5 bxc5 41. bxc5 Kf3 42. c6 f5 43. c7 1-0